Kings vs Rangers

Created - November 17, 2016 at 18:26

Goals
1 2 3 T
Kings 3 1 1 5
Rangers 3 0 0 3
Shots
1 2 3 T
Kings 12 10 15 37
Rangers 11 7 9 27

1st period

1. Kings , Chris Kunitz 6 (Dan Hamhuis, Victor Rask) at 1:44 (PP)
2. Rangers , Jaromir Jagr 7 (Kris Russell, Benoit Pouliot) at 7:05
3. Rangers , Connor McDavid 9 (Alex Goligoski) at 7:11
4. Kings , J.T. Brown 2 (Derek MacKenzie, Niklas Kronwall) at 10:12 (PP)
5. Rangers , Chris Tanev 5 (Connor McDavid, Benoit Pouliot) at 12:24 (PP)
6. Kings , Scott Hartnell 7 (Matt Niskanen, Niklas Kronwall) at 18:19 (PP)

Penalties :
Alex Goligoski (NYR) for Goalie Interference (Minor) at 1:20, Karl Alzner (NYR) for Cross-checking (Minor) at 9:56, Fedor Tyutin (LOS) for Elbowing (Minor) at 10:33, Matt Calvert (NYR) for Holding (Minor) at 17:56, J.T. Brown (LOS) for Delaying the game (Minor) at 18:58

2nd period

7. Kings , Mikael Granlund 6 (Scott Hartnell) at 13:01

Penalties :
Scott Hartnell (LOS) for Slashing (Minor) at 5:35

3rd period

8. Kings , Daniel Sedin 8 (Jonathan Toews) at 10:58

Penalties :
Niklas Kronwall (LOS) for Roughing (Minor) at 2:24, Niklas Kronwall (LOS) for Hooking (Minor) at 6:01, Alex Goligoski (NYR) for Interference (Minor) at 8:26

Goalie Stats

Steve Mason (LOS), 24 saves from 27 shots - (0.889), W, 9-7-3, 60:00 minutes
Scott Darling (NYR), 32 saves from 37 shots - (0.865), L, 0-2-0, 60:00 minutes

Players Stats for Kings

Player Name              G  A  P  +/- PIM S  H  SB GA TA FO     MP     PP MP  PK MP  
------------------------------------------------------------------------------------
Alexei Emelin            0  0  0   0  0   0  1  2  0  0  0/0    19:23   0:00   4:32 
Chris Kunitz             1  0  1   0  0   2  1  0  0  0  0/1    12:52   1:34   2:28 
Dan Hamhuis              0  1  1   0  0   1  1  0  0  0  0/0    26:39   0:45   6:12 
Daniel Sedin             1  0  1   0  0   3  1  0  0  0  0/2    19:20   0:00   0:00 
Derek MacKenzie          0  1  1   0  0   0  0  0  0  0  9/19    9:27   1:28   3:17 
Evgeny Medvedev          0  0  0   0  0   0  1  2  0  0  0/0    14:04   0:00   1:26 
Fedor Tyutin             0  0  0   0  2   0  3  2  0  0  0/0    12:37   0:00   0:00 
J.T. Brown               1  0  1   0  2   3  0  1  0  0  0/0    15:23   1:28   5:06 
Joel Armia               0  0  0   0  0   0  0  0  0  0  4/15    8:50   0:00   0:00 
Jonathan Toews           0  1  1   0  0   8  2  2  0  0  12/26  19:20   0:00   0:00 
Matt Niskanen            0  1  1   1  0   2  1  0  0  0  0/0    24:01   2:17   5:15 
Mikael Granlund          1  0  1   0  0   4  1  0  0  0  14/26  16:32   1:34   0:39 
Nikita Soshnikov         0  0  0   0  0   2  0  0  0  0  0/0     4:42   0:00   0:00 
Niklas Kronwall          0  2  2  -1  4   0  1  0  0  0  0/0    22:28   2:17   2:09 
Oscar Lindberg           0  0  0   0  0   1  1  0  0  0  0/0     4:42   0:00   0:00 
Patrik Berglund          0  0  0   0  0   5  4  0  0  0  3/3    18:06   1:34   2:13 
Scott Hartnell           1  1  2   0  2   5  0  0  0  0  5/10   21:37   1:28   5:51 
Victor Rask              0  1  1   0  0   1  1  0  0  0  1/2    20:05   0:45   0:00 

Players Stats for Rangers

Player Name              G  A  P  +/- PIM S  H  SB GA TA FO     MP     PP MP  PK MP  
------------------------------------------------------------------------------------
Alex Goligoski           0  1  1   0  4   0  3  1  0  0  0/0    24:16   4:40   0:16 
Benoit Pouliot           0  2  2   1  0   2  3  0  0  0  2/2    20:19   5:13   0:23 
Brad Richards            0  0  0   0  0   1  0  0  0  0  19/32  18:29   0:00   0:06 
Cedric Paquette          0  0  0  -1  0   1  1  0  0  0  5/6     8:31   4:34   0:17 
Chris Tanev              1  0  1   0  0   1  3  0  0  0  0/0    22:27   5:07   0:56 
Connor McDavid           1  1  2   0  0   3  1  0  0  0  19/39  24:00   5:13   0:17 
Craig Smith              0  0  0   0  0   1  0  0  0  0  0/0    18:30   0:00   0:00 
Fredrik Claesson         0  0  0   0  0   2  1  1  0  0  0/0    16:47   4:40   0:42 
Jaromir Jagr             1  0  1   1  0   5  2  1  0  0  2/9    22:35   5:13   2:39 
Joel Edmundson           0  0  0   0  0   0  4  1  0  0  0/0    11:25   0:00   0:00 
Karl Alzner              0  0  0   0  2   0  3  2  0  0  0/0    21:11   0:00   1:50 
Kris Russell             0  1  1   0  0   0  0  0  0  0  0/0    23:51   5:07   2:20 
Matt Calvert             0  0  0   0  2   3  1  0  0  0  0/2    17:13   4:34   2:22 
Mikael Backlund          0  0  0  -1  0   0  0  0  0  0  0/0     3:40   0:00   0:00 
Nick Schultz             0  0  0   0  0   0  0  0  0  0  0/0     0:00   0:00   0:00 
Sean Couturier           0  0  0   0  0   4  2  0  0  0  8/13   10:18   0:00   0:00 
Tomas Tatar              0  0  0   0  0   2  4  0  0  0  1/1    23:04   4:34   0:00 
Tyler Ennis              0  0  0   0  0   2  1  0  0  0  0/0    10:18   0:00   0:00 

3 Stars

1 - Benoit Pouliot (NYR)
2 - Connor McDavid (NYR)
3 - Jaromir Jagr (NYR)

Power Play

Kings - 3 on 4 Attempt(s) - 75.00%
Rangers - 1 on 5 Attempt(s) - 20.00%

Penalty Kill

Kings - 4 on 5 Attempt(s) - 80.00% - Score 0 goal in Penalty Kill
Rangers - 1 on 4 Attempt(s) - 25.00% - Score 0 goal in Penalty Kill

Team Stat

Kings - Hits : 19 - Faceoff Wins : 48 - Blocked Shots : 9 - Penalty Minutes : 10
Rangers - Hits : 29 - Faceoff Wins : 56 - Blocked Shots : 6 - Penalty Minutes : 8

Official

Referees : Graham Skiliter and Dan O'Rourke
Linesman : Vaughan Rody and Mark Shewchyk

Game Notes

No Game Note

Finance

Level 1 -- Attendance: 4639 (71.37%) -- Ticket Income $579,875
Level 2 -- Attendance: 4892 (97.84%) -- Ticket Income $366,900
Level 3 -- Attendance: 3142 (89.77%) -- Ticket Income $157,100
Level 4 -- Attendance: 2006 (100.00%) -- Ticket Income $50,150
Luxury Box -- Attendance: 740 (74.00%) -- Ticket Income $185,000
Game was played at the Madison Square Garden.
Total Attendance: 15419 (85.63%)
Total Ticket Income: $1,339,025
Other Income: $200,854
Total Income: $1,539,879

% Time on Ice - Kings

Lines # - Real PCT - Wanted PCT - Time Play
Normal Forward
1 - 41% - 40% - 19:20
2 - 30% - 30% - 14:19
3 - 19% - 20% - 8:50
4 - 10% - 10% - 4:42
Normal Defense
1 - 38% - 40% - 18:04
2 - 31% - 30% - 14:51
3 - 27% - 20% - 12:38
4 - 3% - 10% - 1:38
PP Forward
1 - 48% - 60% - 1:28
2 - 52% - 40% - 1:34
PP Defense
1 - 75% - 60% - 2:17
2 - 25% - 40% - 0:45
PK Forward
1 - 77% - 60% - 7:34
2 - 23% - 40% - 2:13
PK Defense
1 - 51% - 60% - 4:59
2 - 49% - 40% - 4:48
PK3 Forward
1 - 0% - 60%
2 - 0% - 40%
PK3 Defense
1 - 0% - 60%
2 - 0% - 40%
44 Forward
1 - 0% - 60%
2 - 0% - 40%
44 Defense
1 - 0% - 60%
2 - 0% - 40%
Last Minute Offensive  - 0:00
Last Minute Defensive  - 0:00
Total
Forward - 60:00
Defense - 60:00

% Time on Ice - Rangers

Lines # - Real PCT - Wanted PCT - Time Play
Normal Forward
1 - 39% - 40% - 18:30
2 - 31% - 30% - 14:43
3 - 22% - 20% - 10:18
4 - 8% - 10% - 3:40
Normal Defense
1 - 38% - 40% - 17:50
2 - 35% - 30% - 16:24
3 - 24% - 20% - 11:25
4 - 3% - 10% - 1:32
PP Forward
1 - 53% - 60% - 5:13
2 - 47% - 40% - 4:34
PP Defense
1 - 52% - 60% - 5:07
2 - 48% - 40% - 4:40
PK Forward
1 - 91% - 60% - 2:45
2 - 9% - 40% - 0:17
PK Defense
1 - 77% - 60% - 2:20
2 - 23% - 40% - 0:42
PK3 Forward
1 - 0% - 60%
2 - 0% - 40%
PK3 Defense
1 - 0% - 60%
2 - 0% - 40%
44 Forward
1 - 0% - 60%
2 - 0% - 40%
44 Defense
1 - 0% - 60%
2 - 0% - 40%
Last Minute Offensive  - 0:00
Last Minute Defensive  - 0:00
Total
Forward - 60:00
Defense - 60:00

Play by Play

1st period


0:01 of 1st period - Connor McDavid wins face-off versus Jonathan Toews in neutral zone.
0:06 of 1st period - Dan Hamhuis is hit by Tomas Tatar and loses puck.
0:12 of 1st period - Niklas Kronwall is hit by Tomas Tatar and loses puck.
0:16 of 1st period - Dan Hamhuis is hit by Alex Goligoski and loses puck.
0:21 of 1st period - Shot by Jonathan Toews.
0:21 of 1st period - Deflect By Daniel Sedin.
0:21 of 1st period - Shot Misses the Net.
0:41 of 1st period - Shot by Jonathan Toews.
0:41 of 1st period - Shot Blocked by Alex Goligoski.
1:12 of 1st period - Scott Hartnell is hit by Karl Alzner and loses puck.
1:20 of 1st period - Minor Penalty to Alex Goligoski for Goalie Interference.
1:21 of 1st period - Derek MacKenzie wins face-off versus Jaromir Jagr in Rangers zone.
1:34 of 1st period - Shot by Matt Niskanen.
1:34 of 1st period - Stopped by Scott Darling without a rebound.
1:35 of 1st period - Mikael Granlund wins face-off versus Jaromir Jagr in Rangers zone.
1:38 of 1st period - Shot by Victor Rask.
1:38 of 1st period - Shot Misses the Net.
1:40 of 1st period - Shot by Chris Kunitz.
1:40 of 1st period - Shot Misses the Net.
1:42 of 1st period - Shot by Dan Hamhuis.
1:42 of 1st period - Shot Hit the Post.
1:44 of 1st period - Shot by Chris Kunitz.
1:44 of 1st period - Goal by Chris Kunitz - Kings : 1 - Rangers : 0.
1:45 of 1st period - Brad Richards wins face-off versus Joel Armia in neutral zone.
1:58 of 1st period - Evgeny Medvedev is hit by Benoit Pouliot and loses puck.
2:13 of 1st period - Shot by Joel Armia.
2:13 of 1st period - Shot Misses the Net.
2:24 of 1st period - Icing by Chris Tanev.
2:25 of 1st period - Benoit Pouliot wins face-off versus Derek MacKenzie in Rangers zone.
2:49 of 1st period - Off-side.
2:50 of 1st period - Mikael Granlund wins face-off versus Matt Calvert in neutral zone.
2:50 of 1st period - Mikael Granlund is hit by Sean Couturier.
3:01 of 1st period - Patrik Berglund is hit by Fredrik Claesson and loses puck.
3:52 of 1st period - Shot by Tomas Tatar.
3:52 of 1st period - Shot Misses the Net.
4:18 of 1st period - Shot by Victor Rask.
4:18 of 1st period - Shot Misses the Net.
6:01 of 1st period - Shot by Sean Couturier.
6:01 of 1st period - Shot Misses the Net.
6:03 of 1st period - Shot by Sean Couturier.
6:03 of 1st period - Stopped by Steve Mason without a rebound.
6:04 of 1st period - Patrik Berglund wins face-off versus Connor McDavid in Kings zone.
6:14 of 1st period - Off-side.
6:15 of 1st period - Brad Richards wins face-off versus Derek MacKenzie in neutral zone.
6:23 of 1st period - Shot by Nikita Soshnikov.
6:23 of 1st period - Stopped by Scott Darling without a rebound.
6:24 of 1st period - Connor McDavid wins face-off versus Mikael Granlund in Rangers zone.
6:46 of 1st period - Icing by Matt Niskanen.
6:47 of 1st period - Mikael Granlund wins face-off versus Brad Richards in Kings zone.
6:47 of 1st period - Mikael Granlund is hit by Benoit Pouliot.
6:53 of 1st period - Benoit Pouliot is hit by Mikael Granlund and loses puck.
7:05 of 1st period - Shot by Jaromir Jagr.
7:05 of 1st period - Goal by Jaromir Jagr - Kings : 1 - Rangers : 1.
7:06 of 1st period - Connor McDavid wins face-off versus Victor Rask in neutral zone.
7:11 of 1st period - Shot by Connor McDavid.
7:11 of 1st period - Goal by Connor McDavid - Kings : 1 - Rangers : 2.
7:12 of 1st period - Jonathan Toews wins face-off versus Brad Richards in neutral zone.
7:44 of 1st period - Benoit Pouliot is hit by Jonathan Toews and loses puck.
7:51 of 1st period - Shot by Jonathan Toews.
7:51 of 1st period - Stopped by Scott Darling with a rebound.
7:53 of 1st period - Shot by Jonathan Toews.
7:53 of 1st period - Stopped by Scott Darling without a rebound.
7:54 of 1st period - Derek MacKenzie wins face-off versus Connor McDavid in Rangers zone.
8:07 of 1st period - Shot by Tomas Tatar.
8:07 of 1st period - Shot Blocked by Fedor Tyutin.
8:22 of 1st period - Connor McDavid is hit by Evgeny Medvedev and loses puck.
8:25 of 1st period - Shot by Connor McDavid.
8:25 of 1st period - Shot Blocked by Evgeny Medvedev.
8:31 of 1st period - Shot by Connor McDavid.
8:31 of 1st period - Shot Misses the Net.
9:10 of 1st period - Shot by Patrik Berglund.
9:10 of 1st period - Stopped by Scott Darling with a rebound.
9:12 of 1st period - Shot by Patrik Berglund.
9:12 of 1st period - Shot Misses the Net.
9:24 of 1st period - Shot by Scott Hartnell.
9:24 of 1st period - Shot Misses the Net.
9:26 of 1st period - Shot by Patrik Berglund.
9:26 of 1st period - Stopped by Scott Darling without a rebound.
9:27 of 1st period - Jonathan Toews wins face-off versus Brad Richards in Rangers zone.
9:28 of 1st period - Shot by Victor Rask.
9:28 of 1st period - Stopped by Scott Darling without a rebound.
9:29 of 1st period - Brad Richards wins face-off versus Jonathan Toews in Rangers zone.
9:29 of 1st period - Brad Richards is hit by Daniel Sedin.
9:52 of 1st period - Daniel Sedin is hit by Alex Goligoski and loses puck.
9:55 of 1st period - Shot by Jonathan Toews.
9:55 of 1st period - Shot Misses the Net.
9:56 of 1st period - Minor Penalty to Karl Alzner for Cross-checking.
9:57 of 1st period - Derek MacKenzie wins face-off versus Jaromir Jagr in Rangers zone.
10:10 of 1st period - Shot by Niklas Kronwall.
10:10 of 1st period - Deflect By J.T. Brown.
10:10 of 1st period - Shot Misses the Net.
10:12 of 1st period - Shot by Derek MacKenzie.
10:12 of 1st period - Deflect By J.T. Brown.
10:12 of 1st period - Goal by J.T. Brown - Kings : 2 - Rangers : 2.
10:13 of 1st period - Connor McDavid wins face-off versus Jonathan Toews in neutral zone.
10:16 of 1st period - Shot by Tomas Tatar.
10:16 of 1st period - Shot Misses the Net.
10:22 of 1st period - Shot by Tomas Tatar.
10:22 of 1st period - Shot Misses the Net.
10:24 of 1st period - Shot by Fredrik Claesson.
10:24 of 1st period - Shot Blocked by Jonathan Toews.
10:33 of 1st period - Minor Penalty to Fedor Tyutin for Elbowing.
10:34 of 1st period - Connor McDavid wins face-off versus Scott Hartnell in Kings zone.
11:01 of 1st period - Shot by Benoit Pouliot.
11:01 of 1st period - Stopped by Steve Mason without a rebound.
11:02 of 1st period - Scott Hartnell wins face-off versus Matt Calvert in Kings zone.
11:52 of 1st period - Shot by J.T. Brown.
11:52 of 1st period - Shot Misses the Net.
12:24 of 1st period - Shot by Chris Tanev.
12:24 of 1st period - Goal by Chris Tanev - Kings : 2 - Rangers : 3.
12:25 of 1st period - Brad Richards wins face-off versus Jonathan Toews in neutral zone.
12:42 of 1st period - Shot by Jaromir Jagr.
12:42 of 1st period - Stopped by Steve Mason without a rebound.
12:43 of 1st period - Derek MacKenzie wins face-off versus Connor McDavid in Kings zone.
12:43 of 1st period - Derek MacKenzie is hit by Tomas Tatar.
13:06 of 1st period - Icing by Fedor Tyutin.
13:07 of 1st period - Sean Couturier wins face-off versus Derek MacKenzie in Kings zone.
13:07 of 1st period - Sean Couturier is hit by Fedor Tyutin.
13:31 of 1st period - Fedor Tyutin is hit by Matt Calvert and loses puck.
13:40 of 1st period - Shot by Sean Couturier.
13:40 of 1st period - Shot Misses the Net.
13:42 of 1st period - Shot by Matt Calvert.
13:42 of 1st period - Deflect By Sean Couturier.
13:42 of 1st period - Stopped by Steve Mason with a rebound.
13:44 of 1st period - Shot by Tyler Ennis.
13:44 of 1st period - Shot Blocked by Evgeny Medvedev.
13:46 of 1st period - Shot by Matt Calvert.
13:46 of 1st period - Stopped by Steve Mason with a rebound.
13:48 of 1st period - Shot by Sean Couturier.
13:48 of 1st period - Stopped by Steve Mason without a rebound.
13:49 of 1st period - Brad Richards wins face-off versus Jonathan Toews in Kings zone.
15:04 of 1st period - Shot by Scott Hartnell.
15:04 of 1st period - Shot Blocked by Fredrik Claesson.
15:07 of 1st period - Icing by Joel Edmundson.
15:08 of 1st period - Connor McDavid wins face-off versus Joel Armia in Rangers zone.
15:27 of 1st period - Connor McDavid is hit by Matt Niskanen and loses puck.
15:36 of 1st period - Shot by Connor McDavid.
15:36 of 1st period - Deflect By Craig Smith.
15:36 of 1st period - Stopped by Steve Mason without a rebound.
15:37 of 1st period - Sean Couturier wins face-off versus Mikael Granlund in Kings zone.
15:40 of 1st period - Shot by Tyler Ennis.
15:40 of 1st period - Stopped by Steve Mason without a rebound.
15:41 of 1st period - Jonathan Toews wins face-off versus Sean Couturier in Kings zone.
15:58 of 1st period - Niklas Kronwall is hit by Tyler Ennis and loses puck.
16:23 of 1st period - Shot by Victor Rask.
16:23 of 1st period - Shot Misses the Net.
17:12 of 1st period - Karl Alzner is hit by Patrik Berglund and loses puck.
17:16 of 1st period - Off-side.
17:17 of 1st period - Brad Richards wins face-off versus Mikael Granlund in neutral zone.
17:45 of 1st period - Shot by Mikael Granlund.
17:45 of 1st period - Stopped by Scott Darling without a rebound.
17:46 of 1st period - Joel Armia wins face-off versus Sean Couturier in Rangers zone.
17:46 of 1st period - Evgeny Medvedev is hit by Chris Tanev and loses puck.
17:56 of 1st period - Minor Penalty to Matt Calvert for Holding.
17:57 of 1st period - Derek MacKenzie wins face-off versus Jaromir Jagr in Rangers zone.
17:57 of 1st period - Scott Hartnell is hit by Karl Alzner and loses puck.
18:04 of 1st period - Shot by Matt Niskanen.
18:04 of 1st period - Stopped by Scott Darling without a rebound.
18:05 of 1st period - Derek MacKenzie wins face-off versus Jaromir Jagr in Rangers zone.
18:19 of 1st period - Shot by Scott Hartnell.
18:19 of 1st period - Goal by Scott Hartnell - Kings : 3 - Rangers : 3.
18:20 of 1st period - Connor McDavid wins face-off versus Joel Armia in neutral zone.
18:33 of 1st period - Connor McDavid is hit by Fedor Tyutin.
18:58 of 1st period - Minor Penalty to J.T. Brown for Delaying the game.
18:59 of 1st period - Scott Hartnell wins face-off versus Connor McDavid in Kings zone.
Goals for this period are 3 for Kings vs 3 for Rangers.
Shots for this period are 12 for Kings vs 11 for Rangers.

2nd period


0:01 of 2nd period - Scott Hartnell wins face-off versus Connor McDavid in neutral zone.
0:36 of 2nd period - Shot by Benoit Pouliot.
0:36 of 2nd period - Shot Misses the Net.
1:09 of 2nd period - Shot by Mikael Backlund.
1:09 of 2nd period - Shot Misses the Net.
1:41 of 2nd period - Shot by Daniel Sedin.
1:41 of 2nd period - Shot Misses the Net.
2:24 of 2nd period - Shot by Oscar Lindberg.
2:24 of 2nd period - Shot Misses the Net.
2:26 of 2nd period - Shot by Niklas Kronwall.
2:26 of 2nd period - Deflect By Oscar Lindberg.
2:26 of 2nd period - Stopped by Scott Darling with a rebound.
2:28 of 2nd period - Shot by Dan Hamhuis.
2:28 of 2nd period - Stopped by Scott Darling without a rebound.
2:29 of 2nd period - Mikael Granlund wins face-off versus Connor McDavid in Rangers zone.
3:33 of 2nd period - Daniel Sedin is hit by Joel Edmundson and loses puck.
3:47 of 2nd period - Shot by Tyler Ennis.
3:47 of 2nd period - Shot Misses the Net.
3:49 of 2nd period - Shot by Matt Calvert.
3:49 of 2nd period - Stopped by Steve Mason without a rebound.
3:50 of 2nd period - Brad Richards wins face-off versus Joel Armia in Kings zone.
4:31 of 2nd period - Joel Armia is hit by Karl Alzner and loses puck.
4:56 of 2nd period - Shot by Matt Calvert.
4:56 of 2nd period - Deflect By Sean Couturier.
4:56 of 2nd period - Stopped by Steve Mason with a rebound.
4:58 of 2nd period - Shot by Fredrik Claesson.
4:58 of 2nd period - Stopped by Steve Mason without a rebound.
4:59 of 2nd period - Scott Hartnell wins face-off versus Connor McDavid in Kings zone.
4:59 of 2nd period - Matt Niskanen is hit by Tomas Tatar and loses puck.
5:07 of 2nd period - Tomas Tatar is hit by Alexei Emelin and loses puck.
5:18 of 2nd period - Shot by Connor McDavid.
5:18 of 2nd period - Shot Misses the Net.
5:35 of 2nd period - Minor Penalty to Scott Hartnell for Slashing.
5:36 of 2nd period - Derek MacKenzie wins face-off versus Cedric Paquette in Kings zone.
5:58 of 2nd period - Icing by Matt Calvert.
5:59 of 2nd period - Cedric Paquette wins face-off versus Derek MacKenzie in Rangers zone.
7:08 of 2nd period - Shot by Kris Russell.
7:08 of 2nd period - Deflect By Benoit Pouliot.
7:08 of 2nd period - Stopped by Steve Mason without a rebound.
7:09 of 2nd period - Cedric Paquette wins face-off versus Derek MacKenzie in Kings zone.
7:36 of 2nd period - Icing by Cedric Paquette.
7:37 of 2nd period - Brad Richards wins face-off versus Jonathan Toews in Rangers zone.
7:44 of 2nd period - Victor Rask is hit by Benoit Pouliot.
8:34 of 2nd period - Off-side.
8:35 of 2nd period - Mikael Granlund wins face-off versus Connor McDavid in neutral zone.
8:48 of 2nd period - Icing by Fredrik Claesson.
8:49 of 2nd period - Connor McDavid wins face-off versus Joel Armia in Rangers zone.
9:06 of 2nd period - Chris Kunitz is hit by Joel Edmundson.
10:29 of 2nd period - Shot by Mikael Granlund.
10:29 of 2nd period - Shot Misses the Net.
11:04 of 2nd period - Sean Couturier is hit by Patrik Berglund and loses puck.
11:41 of 2nd period - Shot by Connor McDavid.
11:41 of 2nd period - Shot Blocked by Fedor Tyutin.
11:51 of 2nd period - Shot by Jonathan Toews.
11:51 of 2nd period - Stopped by Scott Darling without a rebound.
11:52 of 2nd period - Brad Richards wins face-off versus Derek MacKenzie in Rangers zone.
11:52 of 2nd period - Brad Richards is hit by Oscar Lindberg.
12:02 of 2nd period - Niklas Kronwall is hit by Cedric Paquette and loses puck.
12:20 of 2nd period - Derek MacKenzie is hit by Alex Goligoski.
12:55 of 2nd period - Icing by Karl Alzner.
12:56 of 2nd period - Mikael Granlund wins face-off versus Brad Richards in Rangers zone.
13:01 of 2nd period - Shot by Mikael Granlund.
13:01 of 2nd period - Goal by Mikael Granlund - Kings : 4 - Rangers : 3.
13:02 of 2nd period - Jonathan Toews wins face-off versus Connor McDavid in neutral zone.
13:05 of 2nd period - Shot by Jonathan Toews.
13:05 of 2nd period - Stopped by Scott Darling without a rebound.
13:06 of 2nd period - Connor McDavid wins face-off versus Jonathan Toews in Rangers zone.
13:13 of 2nd period - Off-side.
13:14 of 2nd period - Connor McDavid wins face-off versus Jonathan Toews in neutral zone.
13:54 of 2nd period - Shot by Tomas Tatar.
13:54 of 2nd period - Shot Misses the Net.
14:13 of 2nd period - Off-side.
14:14 of 2nd period - Mikael Granlund wins face-off versus Brad Richards in neutral zone.
14:24 of 2nd period - Icing by Alex Goligoski.
14:25 of 2nd period - Brad Richards wins face-off versus Joel Armia in Rangers zone.
14:35 of 2nd period - Icing by Dan Hamhuis.
14:36 of 2nd period - Sean Couturier wins face-off versus Joel Armia in Kings zone.
14:37 of 2nd period - Shot by Matt Calvert.
14:37 of 2nd period - Stopped by Steve Mason without a rebound.
14:38 of 2nd period - Mikael Granlund wins face-off versus Brad Richards in Kings zone.
14:53 of 2nd period - Shot by Scott Hartnell.
14:53 of 2nd period - Stopped by Scott Darling with a rebound.
14:55 of 2nd period - Shot by Mikael Granlund.
14:55 of 2nd period - Shot Blocked by Karl Alzner.
15:19 of 2nd period - Shot by Scott Hartnell.
15:19 of 2nd period - Deflect By Patrik Berglund.
15:19 of 2nd period - Stopped by Scott Darling without a rebound.
15:20 of 2nd period - Connor McDavid wins face-off versus Daniel Sedin in Rangers zone.
16:01 of 2nd period - Icing by Chris Tanev.
16:02 of 2nd period - Tomas Tatar wins face-off versus Joel Armia in Rangers zone.
16:04 of 2nd period - Icing by Kris Russell.
16:05 of 2nd period - Mikael Granlund wins face-off versus Connor McDavid in Rangers zone.
16:12 of 2nd period - Niklas Kronwall is hit by Connor McDavid and loses puck.
16:29 of 2nd period - Shot by Scott Hartnell.
16:29 of 2nd period - Shot Misses the Net.
16:31 of 2nd period - Shot by Patrik Berglund.
16:31 of 2nd period - Deflect By Scott Hartnell.
16:31 of 2nd period - Stopped by Scott Darling without a rebound.
16:32 of 2nd period - Brad Richards wins face-off versus Daniel Sedin in Rangers zone.
16:49 of 2nd period - Shot by Victor Rask.
16:49 of 2nd period - Shot Misses the Net.
17:03 of 2nd period - Shot by Jonathan Toews.
17:03 of 2nd period - Stopped by Scott Darling without a rebound.
17:04 of 2nd period - Sean Couturier wins face-off versus Mikael Granlund in Rangers zone.
17:08 of 2nd period - Off-side.
17:09 of 2nd period - Sean Couturier wins face-off versus Mikael Granlund in neutral zone.
17:22 of 2nd period - Shot by Scott Hartnell.
17:22 of 2nd period - Shot Misses the Net.
17:36 of 2nd period - Shot by Scott Hartnell.
17:36 of 2nd period - Shot Blocked by Joel Edmundson.
18:22 of 2nd period - Shot by Connor McDavid.
18:22 of 2nd period - Stopped by Steve Mason without a rebound.
18:23 of 2nd period - Brad Richards wins face-off versus Joel Armia in Kings zone.
18:26 of 2nd period - Shot by Jaromir Jagr.
18:26 of 2nd period - Stopped by Steve Mason with a rebound.
18:42 of 2nd period - Shot by Benoit Pouliot.
18:42 of 2nd period - Shot Misses the Net.
18:44 of 2nd period - Shot by Chris Tanev.
18:44 of 2nd period - Shot Misses the Net.
19:07 of 2nd period - Off-side.
19:08 of 2nd period - Jonathan Toews wins face-off versus Connor McDavid in neutral zone.
19:22 of 2nd period - Off-side.
19:23 of 2nd period - Sean Couturier wins face-off versus Mikael Granlund in neutral zone.
19:35 of 2nd period - Niklas Kronwall is hit by Joel Edmundson and loses puck.
19:48 of 2nd period - Shot by Mikael Granlund.
19:48 of 2nd period - Shot Misses the Net.
19:50 of 2nd period - Shot by Scott Hartnell.
19:50 of 2nd period - Deflect By Mikael Granlund.
19:50 of 2nd period - Stopped by Scott Darling without a rebound.
19:51 of 2nd period - Jonathan Toews wins face-off versus Connor McDavid in Rangers zone.
Goals for this period are 1 for Kings vs 0 for Rangers.
Shots for this period are 10 for Kings vs 7 for Rangers.

3rd period


0:01 of 3rd period - Connor McDavid wins face-off versus Jonathan Toews in neutral zone.
0:33 of 3rd period - Shot by Jonathan Toews.
0:33 of 3rd period - Stopped by Scott Darling without a rebound.
0:34 of 3rd period - Patrik Berglund wins face-off versus Brad Richards in Rangers zone.
0:35 of 3rd period - Shot by Scott Hartnell.
0:35 of 3rd period - Stopped by Scott Darling without a rebound.
0:36 of 3rd period - Brad Richards wins face-off versus Mikael Granlund in Rangers zone.
0:36 of 3rd period - Brad Richards is hit by Patrik Berglund.
0:54 of 3rd period - Kris Russell is hit by Fedor Tyutin and loses puck.
1:01 of 3rd period - Shot by Brad Richards.
1:01 of 3rd period - Stopped by Steve Mason without a rebound.
1:02 of 3rd period - Jonathan Toews wins face-off versus Connor McDavid in Kings zone.
1:12 of 3rd period - Icing by Niklas Kronwall.
1:13 of 3rd period - Victor Rask wins face-off versus Sean Couturier in Kings zone.
1:18 of 3rd period - Shot by Daniel Sedin.
1:18 of 3rd period - Shot Misses the Net.
1:36 of 3rd period - Shot by Daniel Sedin.
1:36 of 3rd period - Shot Misses the Net.
1:38 of 3rd period - Shot by Victor Rask.
1:38 of 3rd period - Shot Blocked by Karl Alzner.
1:42 of 3rd period - Shot by Jonathan Toews.
1:42 of 3rd period - Stopped by Scott Darling without a rebound.
1:43 of 3rd period - Patrik Berglund wins face-off versus Connor McDavid in Rangers zone.
1:46 of 3rd period - Shot by Scott Hartnell.
1:46 of 3rd period - Shot Misses the Net.
1:49 of 3rd period - Mikael Granlund is hit by Chris Tanev and loses puck.
2:17 of 3rd period - Off-side.
2:18 of 3rd period - Benoit Pouliot wins face-off versus Jonathan Toews in neutral zone.
2:22 of 3rd period - Alex Goligoski is hit by Niklas Kronwall and loses puck.
2:24 of 3rd period - Minor Penalty to Niklas Kronwall for Roughing.
2:25 of 3rd period - Connor McDavid wins face-off versus Scott Hartnell in Kings zone.
2:36 of 3rd period - Shot by Connor McDavid.
2:36 of 3rd period - Stopped by Steve Mason with a rebound.
2:38 of 3rd period - Shot by Fredrik Claesson.
2:38 of 3rd period - Stopped by Steve Mason without a rebound.
2:39 of 3rd period - Cedric Paquette wins face-off versus Scott Hartnell in Kings zone.
2:46 of 3rd period - Shot by Kris Russell.
2:46 of 3rd period - Deflect By Cedric Paquette.
2:46 of 3rd period - Stopped by Steve Mason without a rebound.
2:47 of 3rd period - Connor McDavid wins face-off versus Scott Hartnell in Kings zone.
3:04 of 3rd period - Shot by Jaromir Jagr.
3:04 of 3rd period - Shot Misses the Net.
3:06 of 3rd period - Shot by Connor McDavid.
3:06 of 3rd period - Shot Misses the Net.
3:12 of 3rd period - Shot by Connor McDavid.
3:12 of 3rd period - Deflect By Benoit Pouliot.
3:12 of 3rd period - Shot Misses the Net.
3:14 of 3rd period - Shot by Benoit Pouliot.
3:14 of 3rd period - Shot Misses the Net.
3:16 of 3rd period - Shot by Kris Russell.
3:16 of 3rd period - Shot Blocked by J.T. Brown.
3:18 of 3rd period - Shot by Jaromir Jagr.
3:18 of 3rd period - Shot Misses the Net.
3:20 of 3rd period - Shot by Benoit Pouliot.
3:20 of 3rd period - Deflect By Jaromir Jagr.
3:20 of 3rd period - Shot Misses the Net.
4:03 of 3rd period - Icing by Matt Calvert.
4:04 of 3rd period - Cedric Paquette wins face-off versus Derek MacKenzie in Rangers zone.
4:54 of 3rd period - Off-side.
4:55 of 3rd period - Derek MacKenzie wins face-off versus Connor McDavid in neutral zone.
5:16 of 3rd period - Shot by Tomas Tatar.
5:16 of 3rd period - Stopped by Steve Mason without a rebound.
5:17 of 3rd period - Sean Couturier wins face-off versus Joel Armia in Kings zone.
5:28 of 3rd period - Shot by Chris Kunitz.
5:28 of 3rd period - Stopped by Scott Darling without a rebound.
5:29 of 3rd period - Brad Richards wins face-off versus Jonathan Toews in Rangers zone.
5:47 of 3rd period - Off-side.
5:48 of 3rd period - Connor McDavid wins face-off versus Mikael Granlund in neutral zone.
5:48 of 3rd period - Connor McDavid is hit by Patrik Berglund.
6:01 of 3rd period - Minor Penalty to Niklas Kronwall for Hooking.
6:02 of 3rd period - Scott Hartnell wins face-off versus Connor McDavid in Kings zone.
6:02 of 3rd period - Scott Hartnell is hit by Jaromir Jagr.
6:29 of 3rd period - Derek MacKenzie is hit by Jaromir Jagr and loses puck.
7:14 of 3rd period - Shot by Tomas Tatar.
7:14 of 3rd period - Shot Blocked by Alexei Emelin.
7:16 of 3rd period - Shot by Alex Goligoski.
7:16 of 3rd period - Shot Blocked by Alexei Emelin.
7:27 of 3rd period - Icing by Alex Goligoski.
7:28 of 3rd period - Cedric Paquette wins face-off versus Scott Hartnell in Rangers zone.
7:54 of 3rd period - Icing by Jaromir Jagr.
7:55 of 3rd period - Connor McDavid wins face-off versus Derek MacKenzie in Rangers zone.
8:09 of 3rd period - Shot by Benoit Pouliot.
8:09 of 3rd period - Shot Misses the Net.
8:21 of 3rd period - Shot by Daniel Sedin.
8:21 of 3rd period - Deflect By Jonathan Toews.
8:21 of 3rd period - Shot Misses the Net.
8:23 of 3rd period - Shot by Daniel Sedin.
8:23 of 3rd period - Stopped by Scott Darling with a rebound.
8:26 of 3rd period - Minor Penalty to Alex Goligoski for Interference.
8:27 of 3rd period - Mikael Granlund wins face-off versus Jaromir Jagr in Rangers zone.
8:43 of 3rd period - Icing by Niklas Kronwall.
8:44 of 3rd period - Mikael Granlund wins face-off versus Jaromir Jagr in Kings zone.
9:01 of 3rd period - Shot by Patrik Berglund.
9:01 of 3rd period - Stopped by Scott Darling without a rebound.
9:02 of 3rd period - Derek MacKenzie wins face-off versus Brad Richards in Rangers zone.
9:10 of 3rd period - Icing by Scott Hartnell.
9:11 of 3rd period - Jaromir Jagr wins face-off versus Derek MacKenzie in Kings zone.
9:11 of 3rd period - Jaromir Jagr is hit by Dan Hamhuis.
9:35 of 3rd period - Shot by Scott Hartnell.
9:35 of 3rd period - Stopped by Scott Darling without a rebound.
9:36 of 3rd period - Jaromir Jagr wins face-off versus Mikael Granlund in Rangers zone.
9:55 of 3rd period - Shot by Jaromir Jagr.
9:55 of 3rd period - Shot Misses the Net.
10:01 of 3rd period - Karl Alzner is hit by Chris Kunitz and loses puck.
10:42 of 3rd period - Shot by Jonathan Toews.
10:42 of 3rd period - Stopped by Scott Darling without a rebound.
10:43 of 3rd period - Brad Richards wins face-off versus Derek MacKenzie in Rangers zone.
10:50 of 3rd period - Shot by Derek MacKenzie.
10:50 of 3rd period - Deflect By Nikita Soshnikov.
10:50 of 3rd period - Shot Misses the Net.
10:52 of 3rd period - Shot by Evgeny Medvedev.
10:52 of 3rd period - Shot Misses the Net.
10:54 of 3rd period - Shot by Derek MacKenzie.
10:54 of 3rd period - Deflect By Nikita Soshnikov.
10:54 of 3rd period - Stopped by Scott Darling without a rebound.
10:55 of 3rd period - Jonathan Toews wins face-off versus Connor McDavid in Rangers zone.
10:58 of 3rd period - Shot by Daniel Sedin.
10:58 of 3rd period - Goal by Daniel Sedin - Kings : 5 - Rangers : 3.
10:59 of 3rd period - Jonathan Toews wins face-off versus Connor McDavid in neutral zone.
11:26 of 3rd period - Shot by Tomas Tatar.
11:26 of 3rd period - Shot Misses the Net.
12:24 of 3rd period - Icing by Alexei Emelin.
12:25 of 3rd period - Mikael Granlund wins face-off versus Brad Richards in Kings zone.
13:14 of 3rd period - Icing by Matt Niskanen.
13:15 of 3rd period - Mikael Granlund wins face-off versus Sean Couturier in Kings zone.
13:38 of 3rd period - Shot by Tyler Ennis.
13:38 of 3rd period - Stopped by Steve Mason without a rebound.
13:39 of 3rd period - Joel Armia wins face-off versus Connor McDavid in Kings zone.
14:00 of 3rd period - Icing by Evgeny Medvedev.
14:01 of 3rd period - Brad Richards wins face-off versus Joel Armia in Kings zone.
14:12 of 3rd period - Shot by Benoit Pouliot.
14:12 of 3rd period - Deflect By Jaromir Jagr.
14:12 of 3rd period - Shot Misses the Net.
14:23 of 3rd period - Off-side.
14:24 of 3rd period - Jonathan Toews wins face-off versus Connor McDavid in neutral zone.
14:33 of 3rd period - Karl Alzner is hit by Jonathan Toews and loses puck.
14:53 of 3rd period - Icing by Jonathan Toews.
14:54 of 3rd period - Jonathan Toews wins face-off versus Brad Richards in Kings zone.
15:00 of 3rd period - Off-side.
15:01 of 3rd period - Brad Richards wins face-off versus Mikael Granlund in neutral zone.
15:06 of 3rd period - Shot by Jaromir Jagr.
15:06 of 3rd period - Stopped by Steve Mason without a rebound.
15:07 of 3rd period - Connor McDavid wins face-off versus Mikael Granlund in Kings zone.
15:28 of 3rd period - Shot by Mikael Granlund.
15:28 of 3rd period - Stopped by Scott Darling without a rebound.
15:29 of 3rd period - Jonathan Toews wins face-off versus Brad Richards in Rangers zone.
15:30 of 3rd period - Shot by Daniel Sedin.
15:30 of 3rd period - Stopped by Scott Darling with a rebound.
15:54 of 3rd period - Shot by Benoit Pouliot.
15:54 of 3rd period - Shot Misses the Net.
15:56 of 3rd period - Shot by Chris Tanev.
15:56 of 3rd period - Shot Misses the Net.
15:58 of 3rd period - Shot by Benoit Pouliot.
15:58 of 3rd period - Shot Blocked by Jonathan Toews.
16:00 of 3rd period - Shot by Jaromir Jagr.
16:00 of 3rd period - Shot Misses the Net.
16:09 of 3rd period - Jonathan Toews is hit by Chris Tanev.
16:20 of 3rd period - Icing by Chris Tanev.
16:21 of 3rd period - Mikael Granlund wins face-off versus Brad Richards in Rangers zone.
16:48 of 3rd period - Shot by Mikael Granlund.
16:48 of 3rd period - Shot Misses the Net.
17:09 of 3rd period - Shot by Tomas Tatar.
17:09 of 3rd period - Stopped by Steve Mason without a rebound.
17:10 of 3rd period - Sean Couturier wins face-off versus Chris Kunitz in Kings zone.
17:41 of 3rd period - Shot by Chris Kunitz.
17:41 of 3rd period - Deflect By J.T. Brown.
17:41 of 3rd period - Stopped by Scott Darling without a rebound.
17:42 of 3rd period - Connor McDavid wins face-off versus Jonathan Toews in Rangers zone.
18:10 of 3rd period - Icing by Niklas Kronwall.
18:11 of 3rd period - Brad Richards wins face-off versus Jonathan Toews in Kings zone.
18:18 of 3rd period - Shot by Jaromir Jagr.
18:18 of 3rd period - Shot Misses the Net.
18:24 of 3rd period - Shot by Jaromir Jagr.
18:24 of 3rd period - Stopped by Steve Mason without a rebound.
18:25 of 3rd period - Joel Armia wins face-off versus Sean Couturier in Kings zone.
18:25 of 3rd period - Joel Armia is hit by Sean Couturier.
18:38 of 3rd period - Chris Kunitz is hit by Joel Edmundson and loses puck.
18:41 of 3rd period - Shot by J.T. Brown.
18:41 of 3rd period - Stopped by Scott Darling without a rebound.
18:42 of 3rd period - Connor McDavid wins face-off versus Mikael Granlund in Rangers zone.
18:59 of 3rd period - Shot by Patrik Berglund.
18:59 of 3rd period - Stopped by Scott Darling without a rebound.
19:00 of 3rd period - Joel Armia wins face-off versus Brad Richards in Rangers zone.
19:34 of 3rd period - Icing by Fredrik Claesson.
19:35 of 3rd period - Brad Richards wins face-off versus Jonathan Toews in Rangers zone.
19:35 of 3rd period - Brad Richards is hit by Victor Rask.
19:59 of 3rd period - Shot by Jonathan Toews.
19:59 of 3rd period - Shot Blocked by Jaromir Jagr.
Goals for this period are 1 for Kings vs 0 for Rangers.
Shots for this period are 15 for Kings vs 9 for Rangers.